 Dungeon Crawl Stone Soup version 0.29-a0-561-ga02bf68b3c (webtiles) character file.

Game seed: 9898042899128640589

134 Glokmah the Cudgeller (level 5, -7/47 HPs)
             Began as a Meteoran Cinder Acolyte on June 11, 2022.
             Was a High Priest of Ignis.
             Mangled by an ogre
             ... wielding a +0 giant spiked club
              (10 damage)
             ... on level 4 of the Dungeon.
             The game lasted 00:06:54 (1862 turns).

Glokmah the Cudgeller (Meteoran Cinder Acolyte)     Turns: 1862, Time: 00:06:56

Health: -7/47      AC: 20    Str: 16    XL:     5   Next: 69%
Magic:  6/8        EV:  8    Int: 15    God:    Ignis [*****.]
Gold:   203        SH:  0    Dex: 11    Spells: 5/7 levels left

rFire   + + +      SeeInvis .   a - -1 mace (flame)
rCold   x . .      Faith    .   (no shield)
rNeg    . . .      Spirit   .   g - +0 fire dragon scales
rPois   .          Reflect  .   h - +2 helmet
rElec   .          Harm     .   q - +0 cloak
rCorr   .          Rampage  .   (no gloves)
Will    .....                   o - +0 pair of boots
Stlth   ..........              (no amulet)
HPRegen 0.15/turn               (no ring)
MPRegen 0.11/turn               (no ring)

@: fiery-armoured, glowing
A: sense surroundings 1, otherworldly, glowing, explore regen
a: Renounce Religion, Fiery Armour, Foxfire Swarm, Rising Flame


You were on level 4 of the Dungeon.
You worshipped Ignis.
Ignis was extremely pleased with you.
You visited 1 branch of the dungeon, and saw 4 of its levels.

You collected 203 gold pieces.

Inventory:

Hand Weapons
 a - a -1 mace of flaming (weapon)
Missiles
 p - 12 poisoned darts (quivered)
 s - 3 boomerangs
Armour
 b - a +0 robe
 g - +0 fire dragon scales (worn)
 h - a +2 helmet (worn)
 o - a +0 pair of boots (worn)
 q - a +0 cloak (worn)
Scrolls
 m - 3 scrolls of immolation
Potions
 l - a potion of cancellation {unknown}
 n - a potion of curing {unknown}
 r - 2 potions of mutation
 t - a potion of heal wounds
 v - a potion of haste {unknown}


   Skills:
 + Level 4.3 Fighting
 * Level 6.4 Maces & Flails
 + Level 1.7 Spellcasting
 + Level 3.8 Fire Magic


You had 5 spell levels left.
You knew the following spells:

 Your Spells              Type           Power      Damage    Failure   Level
a - Scorch                Fire           24%        2d6       36%         2

Your spell library contained the following spells:

 Spells                   Type           Power      Damage    Failure   Level
 Animate Dead             Necr           1%         N/A       100%        4
 Borgnjor's Vile Clutch   Necr/Erth      0%         N/A       100%        5
 Death Channel            Necr           0%         N/A       100%        6


Dungeon Overview and Level Annotations

Branches:
Dungeon (4/15)
 Temple: D:4-7

Altars:
Qazlal
Xom


Innate Abilities, Weirdness & Mutations

You passively map a small area around you.
You are easily found by Zot.
You glow in the dark.
You regain HP and MP as you explore.


Message History

The ogre is almost dead.
The ufetubus hits you but does no damage.
The ufetubus hits you.
The ufetubus hits you but does no damage. x2
The ogre hits you with a +0 giant spiked club!!
Ouch! That really hurt!
* * * LOW HITPOINT WARNING * * *
The ufetubus attacks as you move away!
The ufetubus hits you but does no damage.
The ufetubus hits you.
* * * LOW HITPOINT WARNING * * *
The ufetubus barely misses you. The ufetubus closely misses you.
The ufetubus attacks as you move away!
The ufetubus hits you but does no damage.
The ufetubus barely misses you. The ufetubus closely misses you.
The ufetubus hits you but does no damage.
You see here a +0 flail.
The ufetubus attacks as you move away! The ufetubus hits you.
* * * LOW HITPOINT WARNING * * *
The ufetubus hits you.
* * * LOW HITPOINT WARNING * * *
The ufetubus hits you but does no damage. x2
Items here: ))) [[ †.
Okay, then.
A protective cloak of flame settles atop you.
The ufetubus barely misses you.
The ufetubus hits you but does no damage.
The ufetubus is burned terribly!
The ufetubus is burned by your cloak of flames.
You kill the ufetubus!
Okay, then.
Unknown command.
Casting: Scorch (dangerous; 36% risk of failure)
Confirm with . or Enter, or press ? or * to list all spells.
Flames lash the iguana.
The iguana is heavily wounded.
The iguana's fire resistance burns away.
The ogre hits you with a +0 giant spiked club!
You die...

#.......#...?...,,*
#.......#.......,,*
#.......#.......,,*
#.......#.......,,*
#.(...l...#********
###.....#.#
#l#####.# #O# *.#
#@# *.# #.# *.# #.#
*.# #.# *.# #.# *,*
#.# *,* #.# *,*
#.#####,* #.#...,,*


You could see an ogre and an iguana (combustible).

Vanquished Creatures
  5 adders
  An ufetubus (D:4)
  A worm (D:2)
  3 dart slugs (D:2)
  10 orcs
  3 ball pythons
  5 endoplasms
  A giant cockroach (D:3)
  4 goblins
  5 hobgoblins
  3 jackals (D:1)
  3 kobolds
  6 quokkas
  3 bats (D:3)
  4 frilled lizards
  10 rats
67 creatures vanquished.

Notes
Turn   | Place    | Note
-------+----------+-------------------------------------------
     0 | D:1      | Glokmah the Meteoran Cinder Acolyte began the quest for the
                  | Orb.
     0 | D:1      | Reached XP level 1. HP: 19/19 MP: 3/3
   233 | D:1      | Reached XP level 2. HP: 22/26 MP: 5/5
   494 | D:1      | Glimpsed the power of Zot.
   646 | D:2      | Reached XP level 3. HP: 23/31 MP: 6/6
   674 | D:2      | Found a shimmering altar of Xom.
   800 | D:2      | Reached skill level 5 in Maces & Flails
   879 | D:2      | Reached XP level 4. HP: 37/40 MP: 7/7
  1086 | D:2      | Glimpsed the power of Zot.
  1246 | D:3      | Reached skill level 6 in Maces & Flails
  1246 | D:3      | Reached XP level 5. HP: 46/46 MP: 8/8
  1249 | D:3      | Learned a level 2 spell: Scorch
  1497 | D:3      | Found a stormy altar of Qazlal.
  1679 | D:3      | Glimpsed the power of Zot.
  1728 | D:3      | Glimpsed the power of Zot.
  1845 | D:4      | Noticed an ogre
  1862 | D:4      | Mangled by an ogre

Illustrated notes

Levels and vault maps discovered:
D:1:      lightli_arrival_chessboard, layout_loops_ring
D:2:      kennysheep_six_static_rooms, layout_loops_cross, basic_altar
D:3:      layout_loops_ring, mainiacjoe_overflow_chevrons,
          kennysheep_cross_room, uniq_jessica
D:4:      layout_basic, uniq_eustachio, uniq_blork_the_orc

Skill      XL: |  1  2  3  4 |
---------------+-------------+-----
Maces & Flails | 5 6 |  6.4
Fighting       | 4 |  4.3
Spellcasting   | |  1.7
Fire Magic     | |  3.8

Action                   |  1- 3 |  4- 6 || total
-------------------------+-------+-------++-------
Melee: Mace              |    59 |   140 ||   199
       Punch             |       |     2 ||     2
 Cast: Scorch            |       |     3 ||     3
Invok: Fiery Armour      |       |     1 ||     1
  Use: Scroll            |       |    10 ||    10
Armor: Robe              |     4 |       ||     4
       Fire dragon scale |    29 |   138 ||   167
Dodge: Dodged            |    21 |    73 ||    94

Table legend: (Time is in decaauts)
 A = Elapsed time spent in this place.
 B = Non-inter-level travel time spent in this place.
 C = Inter-level travel time spent in this place.
 D = Time resting spent in this place.
 E = Time spent auto-exploring this place.
 F = Levels seen in this place.
 G = Mean time per level.
                   A        B        C        D        E       F      G
               +--------+--------+--------+--------+--------+-----+--------+
         Total |   1885 |   1814 |     71 |      0 |   1089 |   4 |  471.2 |
       Dungeon |   1885 |   1814 |     71 |      0 |   1089 |   4 |  471.2 |
               +--------+--------+--------+--------+--------+-----+--------+

Top non-repeatable levels by time:
     D:3: 676 daAuts
     D:2: 570 daAuts
     D:1: 534 daAuts
     D:4: 103 daAuts
